 Dungeon Crawl Stone Soup version 0.26-a0-663-g36e8fdb655 (webtiles) character file.

Game seed: 16349795392776813886

360 Grim the Skirmisher (level 6, 0/68 HPs)
             Began as an Ogre Berserker on Oct 11, 2020.
             Was a Priest of Trog.
             Slain by a frilled lizard (3 damage)
             ... on level 4 of the Dungeon.
             The game lasted 00:04:32 (3102 turns).

Grim the Skirmisher (Ogre Berserker)                Turns: 3102, Time: 00:04:32

Health: 0/68       AC:  3    Str: 22    XL:     6   Next: 65%
Magic:  6/6        EV: 10    Int:  8    God:    Trog [***...]
Gold:   102        SH:  0    Dex: 10    Spells: 5/5 levels left

rFire    + . .     SeeInvis .   a - +0 mace
rCold    + . .     Faith    +   (no shield)
rNeg     . . .     Spirit   .   p - +0 robe
rPois    .         Reflect  .   (helmet restricted)
rElec    .         Harm     .   m - scarf {rC+ rF+}
rCorr    .         Rampage  .   (gloves unavailable)
MR       ++...                  (boots unavailable)
Stlth    +.........             d - amulet of faith
HPRegen  1.21/turn              (no ring)
MPRegen  0.10/turn              (no ring)

@: berserk cooldown, regenerating (expiring)
A: large, unfitting armour, tough skin 1
a: Berserk, Trog's Hand, Renounce Religion


You were on level 4 of the Dungeon.
You worshipped Trog.
Trog was most pleased with you.
You visited 1 branch of the dungeon, and saw 4 of its levels.

You collected 102 gold pieces.

Inventory:

Hand Weapons
 a - a +0 mace (weapon)
Missiles
 l - 32 poisoned darts (quivered)
Armour
 b - a +0 animal skin
 h - a scarf of invisibility
 m - a scarf of resistance (worn)
 p - a +0 robe (worn)
Jewellery
 d - an amulet of faith (around neck)
 r - an uncursed amulet of the acrobat {unknown}
Scrolls
 c - 2 scrolls of blinking {unknown}
 e - 2 scrolls of remove curse {unknown}
 f - 3 scrolls of teleportation {unknown}
 g - 2 scrolls of identify {unknown}
 j - a scroll of enchant armour {unknown}
 o - 2 scrolls of amnesia {unknown}
 q - a scroll of immolation {unknown}
 t - a scroll of magic mapping {unknown}
Potions
 i - 2 potions of invisibility {unknown}
 k - a potion of magic {unknown}
 n - a potion of mutation {unknown}


   Skills:
 + Level 6.3 Fighting
 * Level 5.6 Maces & Flails
 - Level 2.6 Dodging


You had 5 spell levels left.
You didn't know any spells.
Your spell library was empty.

Dungeon Overview and Level Annotations

Branches:
Dungeon (4/15)
 Temple: D:4-7

Altars:


Innate Abilities, Weirdness & Mutations

You are too large for most types of armour.
You have tough skin. (AC +1)


Message History

The orc hits you with a +0 hand axe!
* * * LOW HITPOINT WARNING * * *
The orc closely misses you. The orc hits you with a +0 hand axe.
* * * LOW HITPOINT WARNING * * *
You hit the orc.
You kill the orc!
Trog accepts your kill.
You feel the effects of Trog's Hand fading.
The orc hits you from afar with a +0 trident!
* * * LOW HITPOINT WARNING * * *
The frilled lizard barely misses you.
The orc hits you from afar with a +0 trident!
* * * LOW HITPOINT WARNING * * *
You closely miss the frilled lizard.
You feel yourself speed up.
The frilled lizard bites you but does no damage.
The orc hits you from afar with a +0 trident.
* * * LOW HITPOINT WARNING * * *
The frilled lizard bites you.
You die...

.........
....$.................
......................
..... ................
#.#'# #....#.........
#...# #....#.........
#[)# #....#.........
#[.####....#........#
#.>.l@..............#
#....o#######.........#
#.....# #.........#
#.....# #.........#
##.#### ##.........# ##
#........### #........#
####........#
#..<........#


You could see an orc and a frilled lizard.

Vanquished Creatures
  A scorpion (D:4)
  A hound (D:4)
  A jelly (D:4)
  An orc priest (D:3)
  2 orc wizards (D:4)
  A bullfrog skeleton (D:4)
  Jessica (D:2)
  Robin (D:2)
  2 adders (D:3)
  A white imp (D:3)
  A leopard gecko (D:1)
  8 orcs
  9 bats
  A giant cockroach (D:2)
  12 goblins
  8 hobgoblins
  8 jackals
  7 kobolds
  A quokka (D:3)
  4 frilled lizards
  5 rats
76 creatures vanquished.

Notes
Turn   | Place    | Note
-------+----------+-------------------------------------------
     0 | D:1      | Grim the Ogre Berserker began the quest for the Orb.
     0 | D:1      | Reached XP level 1. HP: 24/24 MP: 1/1
   142 | D:1      | Reached XP level 2. HP: 19/32 MP: 2/2
   557 | D:1      | Reached XP level 3. HP: 40/40 MP: 3/3
   834 | D:2      | Reached ** piety under Trog
   953 | D:2      | Noticed Robin
  1452 | D:2      | Killed Robin
  1452 | D:2      | Reached XP level 4. HP: 46/49 MP: 4/4
  1817 | D:2      | Noticed Jessica
  1820 | D:2      | Killed Jessica
  1820 | D:2      | Reached skill level 5 in Fighting
  2545 | D:3      | Reached XP level 5. HP: 57/57 MP: 5/5
  2821 | D:3      | Reached *** piety under Trog
  3004 | D:4      | Reached skill level 5 in Maces & Flails
  3053 | D:4      | Reached XP level 6. HP: 53/67 MP: 6/6
  3069 | D:4      | Reached skill level 6 in Fighting
  3102 | D:4      | HP: 3/68 [orc/+0 trident (3)]
  3102 | D:4      | Slain by a frilled lizard

Illustrated notes

Levels and vault maps discovered:
D:1:      minmay_arrival_four_circles, layout_basic
D:2:      layout_basic, uniq_jessica, uniq_robin
D:3:      layout_basic, minmay_ruptured
D:4:      layout_basic, minmay_temple_entry_antechambers, gammafunk_ghost_smash,
          gup_sewer_entry_pipe, minmay_manual_monolith

Skill      XL: |  1  2  3  4  5  6 |
---------------+-------------------+-----
Maces & Flails | 3 4 5 |  5.6
Fighting       | 5 6 |  6.3
Dodging        | |  2.6

Action                   |  1- 3 |  4- 6 || total
-------------------------+-------+-------++-------
Melee: Mace              |   127 |   110 ||   237
Throw: Dart              |     5 |     1 ||     6
Invok: Berserk           |     2 |     3 ||     5
       Trog's Hand       |     1 |     2 ||     3
  Use: Potion            |       |     2 ||     2
Armor: Animal skin       |    56 |     1 ||    57
       Robe              |       |    28 ||    28
Dodge: Dodged            |    71 |    75 ||   146

Table legend: (Time is in decaauts)
 A = Elapsed time spent in this place.
 B = Non-inter-level travel time spent in this place.
 C = Inter-level travel time spent in this place.
 D = Time resting spent in this place.
 E = Time spent auto-exploring this place.
 F = Levels seen in this place.
 G = Mean time per level.
                   A        B        C        D        E       F      G
               +--------+--------+--------+--------+--------+-----+--------+
         Total |   3185 |   3123 |     62 |   1276 |   1301 |   4 |  796.2 |
       Dungeon |   3185 |   3123 |     62 |   1276 |   1301 |   4 |  796.2 |
               +--------+--------+--------+--------+--------+-----+--------+

Top non-repeatable levels by time:
     D:2: 1163 daAuts
     D:3: 1056 daAuts
     D:1: 843 daAuts
     D:4: 122 daAuts
